 Dungeon Crawl Stone Soup version 0.14-a0-3376-gf173aa4 (webtiles) character file.

312 Nordon the Chopper (level 5, -8/35 HPs)
             Began as a Gargoyle Fighter on Mar 20, 2014.
             Killed from afar by ciphuk's ghost (15 damage)
             ... with a spray of energy
             ... on Level 4 of the Dungeon.
             The game lasted 00:06:48 (2240 turns).

Nordon the Chopper (Gargoyle Fighter)               Turns: 2240, Time: 00:06:48

HP  -8/35        AC 14     Str 19      XL: 5   Next: 79%
MP   5/5         EV  6     Int  9      God:
Gold 112         SH 18     Dex 10      Spells:  0 memorised,  4 levels left

rFire  . . .     SeeInvis .     a - +0 war axe
rCold  . . .     Clarity  .     b - +0 scale mail
rNeg   + . .     Conserve .     c - +0 shield
rPois  +         rCorr    .     (no helmet)
rElec  +         rRot     +     j - +0 cloak
SustAb . .       Spirit   .     (no gloves)
rMut   .         Warding  .     h - +1 pair of boots
Saprov . . .     Stasis   .     (no amulet)
MR     .....                    (no ring)
                                (no ring)

@: very slightly contaminated, hasted, very quick, not resistant to hostile
enchantments, extremely unstealthy
A: life protection 1, robust 1, electricity resistance, unbreathing,
petrification resistance, AC +4
a: no special abilities


You were on level 4 of the Dungeon.
You were not hungry.

You visited 1 branch of the dungeon, and saw 4 of its levels.

You collected 112 gold pieces.

Inventory:

Hand weapons
 a - a +0,+0 war axe (weapon)
Armour
 b - a +0 scale mail (worn)
 c - a +0 shield (worn)
 h - a +1 pair of boots (worn)
 j - a +0 cloak (worn)
Magical devices
 q - a wand of digging (11)
Comestibles
 d - 4 bread rations
 f - a rotting chunk of orc flesh
 m - 4 chunks of orc flesh
Scrolls
 s - a scroll of enchant armour
 u - a scroll of remove curse
Potions
 g - 4 potions of curing


   Skills:
 - Level 3.2 Fighting
 + Level 4.0 Axes
 - Level 3.2 Armour
 + Level 2.6 Dodging
 + Level 0.8 Stealth
 - Level 3.2 Shields
 + Level 0.2 Evocations


You had 4 spell levels left.
You didn't know any spells.

Dungeon Overview and Level Annotations

Branches:
Dungeon (4/15)
 Temple: D:4-7

Altars:
Xom

Annotations:
D:4 ciphuk's ghost, average DECj


Innate Abilities, Weirdness & Mutations

You are resistant to torment.
You are immune to poison.
Your stone body is very resilient (AC +4).
You resist negative energy.
You are resistant to electric shocks.
You can survive without breathing.
You are immune to petrification.
You are robust (+10% HP).


Message History

The orb of energy explodes!
You are too injured to fight recklessly!
You are too injured to fight recklessly!
You are too injured to fight recklessly!
Drink which item? (? for menu, Esc to quit)
You feel better.
Ciphuk's ghost hits you but does no damage.
Drink which item? (? for menu, Esc to quit)
You feel better. You block ciphuk's ghost's attack.
You hit ciphuk's ghost.
Ciphuk's ghost is severely damaged.
Ciphuk's ghost casts a spell at you. The orb of energy hits you!
* * * LOW HITPOINT WARNING * * *
The orb of energy explodes!
You hit ciphuk's ghost.
Ciphuk's ghost is severely damaged.
Ciphuk's ghost casts a spell at you. The spray of energy hits you!
You die...

#.g# #..#
#..# #..#
#..#
#..#####..#
#.<.......#
#...####..#
#.@.# #..p#
#...# #...#
#...# #...#
#...# #..=.
...


You could see ciphuk's ghost and a goblin.

Vanquished Creatures
  3 orc wizards (D:3)
  6 adders
  2 worms (D:2)
  A giant gecko (D:1)
  An ooze (D:2)
  4 orcs (D:3)
  8 giant cockroaches
  7 hobgoblins
  3 kobolds
  2 ball pythons (D:1)
  5 bats
  5 giant newts
  7 goblins
  3 rats
57 creatures vanquished.

Notes
Turn   | Place    | Note
--------------------------------------------------------------
     0 | D:1      | Nordon, the Gargoyle Fighter, began the quest for the Orb.
     0 | D:1      | Reached XP level 1. HP: 14/14 MP: 1/1
    90 | D:1      | Reached XP level 2. HP: 16/19 MP: 2/2
   445 | D:2      | Reached skill level 1 in Dodging
   445 | D:2      | Reached XP level 3. HP: 20/23 MP: 3/3
   754 | D:2      | Reached XP level 4. HP: 28/28 MP: 4/4
  1692 | D:3      | Reached XP level 5. HP: 32/32 MP: 5/5
  1725 | D:3      | Found a shimmering altar of Xom.
  1890 | D:3      | Reached skill level 4 in Axes
  2214 | D:4      | Noticed ciphuk's ghost (average DECj)
  2229 | D:3      | Gained mutation: You are robust (+10% HP). [potion of beneficial mutation]
  2240 | D:4      | Killed from afar by ciphuk's ghost

Action                   |  1- 3 |  4- 6 || total
-------------------------+-------+-------++-------
Melee: War axe           |    98 |   131 ||   229
Evoke: Wand              |       |     1 ||     1
  Use: Scroll            |     3 |     3 ||     6
       Potion            |       |     5 ||     5
